Map: [ESL] Oceanborn

Players

Cyan - Winner!

  • Race: Protoss Protoss
  • Spawn Location: 11:00

Has

  • Race: Protoss Protoss
  • Spawn Location: 5:00

Event: ESL SC2 Masters 2024 Spring (Regional)

VOD

Have the link to the VOD?

Description

Time

  • Played on: April 14, 2024, 7:19 a.m.
  • Length: 9:40

All games in this series

Show
View Real Time Build Order
Export as new Build Order

Cyan Protoss - Winner!

Build Orders:  

Get SALT Encoding   

  12  0:00  Probe  
  13  0:12  Probe  
  14  0:17  Pylon  
  14  0:24  Probe (Chrono Boost)  
  15  0:37  Gateway, Probe (Chrono Boost)  
  16  0:44  Probe (Chrono Boost)  
  16  0:47  Assimilator  
  17  0:51  Probe  
  17  0:55  Assimilator  
  18  1:03  Probe (Chrono Boost)  
  19  1:07  Gateway  
  19  1:15  Probe (Chrono Boost)  
  20  1:21  Probe (Chrono Boost)  
  20  1:25  Cybernetics Core  
  21  1:29  Probe  
  22  1:34  Pylon  
  22  1:41  Probe  
  23  1:53  Probe  
  23  2:01  Stalker, Warp Gate  
  23  2:02  Stalker  
  27  2:11  Pylon  
  27  2:16  Probe  
  28  2:31  Stalker  
  28  2:32  Stalker  
  32  2:42  Robotics Facility  
  32  2:56  Gateway  
  32  3:00  Shield Battery  
  32  3:01  Stalker  
  34  3:05  Sentry  
  34  3:08  Shield Battery  
  36  3:13  Pylon  
  36  3:23  Pylon  
  36  3:31  Immortal (Chrono Boost)  
  40  3:44  Pylon  
  40  3:50  Sentry  
  42  3:55  Stalker  
  44  4:04  Warp Prism (Chrono Boost)  
  46  4:18  Pylon  
  46  4:34  Immortal  
  50  4:46  Stalker  
  50  4:50  Pylon  
  52  4:59  Probe  
  53  5:05  Stargate  
  53  5:13  Observer  
  52  5:46  Stalker x2  
  52  5:49  Phoenix  
  58  5:51  Gateway  
  58  6:01  Immortal  
  62  6:05  Pylon  
  62  6:10  Stalker  
  64  6:14  Pylon  
  64  6:32  Phoenix (Chrono Boost)  
  66  6:55  Phoenix (Chrono Boost)  
  68  7:01  Pylon  
  64  7:19  Phoenix  
  62  7:24  Immortal  
  62  7:29  Adept  
  68  7:35  Observer, Adept  
  70  7:54  Phoenix  
  72  8:02  Nexus  
  72  8:05  Adept x2  
  74  8:11  Adept  
  78  8:19  Pylon  
  78  8:26  Probe  
  79  8:35  Adept  
  79  8:38  Probe  
  80  8:42  Shield Battery  
  80  8:51  Sentry  
  82  8:59  Adept  
  82  9:14  Adept  
  80  9:21  Adept  
  78  9:29  Adept  
Show
View Real Time Build Order
Export as new Build Order

Has Protoss 

Build Orders:  

Get SALT Encoding   

  12  0:00  Probe  
  13  0:12  Probe  
  14  0:18  Pylon  
  14  0:24  Probe  
  15  0:36  Gateway  
  15  0:37  Probe (Chrono Boost)  
  15  0:42  Assimilator  
  16  0:47  Probe (Chrono Boost)  
  17  0:52  Probe, Assimilator  
  18  1:04  Gateway  
  18  1:08  Probe  
  19  1:20  Probe  
  19  1:23  Cybernetics Core  
  20  1:29  Pylon  
  20  1:32  Probe  
  21  1:44  Probe  
  22  1:56  Probe  
  22  2:00  Adept x2  
  27  2:04  Warp Gate  
  27  2:12  Robotics Facility  
  27  2:20  Pylon  
  27  2:36  Stalker x2  
  31  2:43  Probe  
  31  2:57  Immortal (Chrono Boost)  
  35  3:07  Pylon  
  35  3:15  Gateway  
  35  3:26  Warp Prism (Chrono Boost)  
  37  3:47  Pylon  
  37  3:54  Stalker  
  37  3:55  Stalker  
  41  4:03  Immortal (Chrono Boost)  
  45  4:18  Shield Battery  
  45  4:27  Sentry  
  45  4:30  Pylon  
  47  4:48  Observer (Chrono Boost)  
  47  4:49  Sentry x2  
  47  4:50  Adept  
  54  4:53  Pylon, Probe  
  55  5:01  Pylon  
  55  5:12  Immortal  
  59  5:20  Adept  
  61  5:27  Stalker  
  63  5:36  Pylon  
  63  5:40  Observer  
  57  5:50  Probe  
  57  5:51  Immortal (Chrono Boost)  
  62  6:01  Stalker  
  64  6:09  Pylon  
  64  6:20  Sentry, Adept  
  68  6:40  Pylon  
  65  6:54  Pylon  
  55  7:20  Stalker x2, Sentry  
  60  7:26  Shield Battery  
  60  7:29  Immortal (Chrono Boost)  
  63  7:39  Pylon  
  63  7:44  Stalker x3  
  63  7:55  Pylon  
  63  7:59  Pylon, Sentry, Adept  
  67  8:07  Pylon  
  67  8:24  Adept x3  
  73  8:45  Adept x2  
  73  8:46  Adept  
  77  9:07  Stalker x2  
  79  9:12  Sentry  
  73  9:31  Stalker x2  
Tags
 
Add a new tag
Caveats
  • Supply blocks, unpowered buildings, or Contaminate may cause inaccurate times.
  • Supply counts are checked every 10 seconds.